 Dungeon Crawl Stone Soup version 0.29.1-14-g9c671dbff4 (webtiles) character file.

Game seed: 1096709306009189434

1052 adizb the Trooper (level 8, 0/69 HPs)
             Began as a Palentonga Fighter on Feb 12, 2023.
             Was a Believer of Qazlal.
             Slain by Pikel
             ... wielding a +2 whip of flaming
              (4 damage)
             ... on level 6 of the Dungeon.
             The game lasted 00:24:51 (2966 turns).

adizb the Trooper (Palentonga Fighter)              Turns: 2966, Time: 00:24:52

Health: 0/69       AC:  0    Str: 24    XL:     8   Next: 5%
Magic:  8/8        EV: 13    Int:  8    God:    Qazlal [**....]
Gold:   130        SH:  2    Dex: 10    Spells: 7/7 levels left

rFire   . . .      SeeInvis +   (weapon currently unavailable)
rCold   . . .      Faith    .   (shield currently unavailable)
rNeg    . . .      Spirit   .   (body armour currently unavailable)
rPois   .          Reflect  .   (helmet currently unavailable)
rElec   .          Harm     .   (cloak currently unavailable)
rCorr   .          Rampage  .   (gloves currently unavailable)
Will    .....                   (no barding)
Stlth   +.........              r - amulet of the acrobat
HPRegen 0.21/turn               (ring currently unavailable)
MPRegen 0.11/turn               (ring currently unavailable)

@: pig-form (expiring), very quick
A: fast, no casting, small, rugged brown scales 3, see invisible, (deformed
body), (roll 1), (armoured tail), (reflexive curl)
a: Renounce Religion, Upheaval


You were on level 6 of the Dungeon.
You worshipped Qazlal.
Qazlal was pleased with you.
You were a filthy swine.
You visited 1 branch of the dungeon, and saw 6 of its levels.

You collected 298 gold pieces.
You spent 168 gold pieces at shops.

Inventory:

Hand Weapons
 a - a +0 war axe
 g - a +0 vampiric morningstar (melded)
Armour
 c - a +0 buckler (melded)
 d - the +8 chain mail of Eternity (melded) {Dex+3}
   (You found it on level 3 of the Dungeon)

   Dex:       It affects your dexterity (+3).
 n - a +0 pair of gloves (melded)
Jewellery
 r - an amulet of the acrobat (around neck)
Wands
 s - a wand of mindburst (15)
 u - a wand of acid (12)
Scrolls
 f - a scroll of blinking
 h - 2 scrolls of identify
 i - a scroll of summoning {unknown}
 j - a scroll of enchant armour
 k - 2 scrolls of teleportation
 o - a scroll of poison {unknown}
 p - a scroll of silence {unknown}
 t - a scroll of enchant weapon {unknown}
Potions
 b - 2 potions of heal wounds
 e - 3 potions of attraction
 l - a potion of mutation {unknown}
 m - 2 potions of flight {unknown}
 q - a potion of brilliance {unknown}


   Skills:
 * Level 6.5 Fighting
 * Level 4.9 Axes
 + Level 4.1 Armour
 + Level 4.6 Shields


You had 7 spell levels left.
You didn't know any spells.
Your spell library contained the following spells:

 Spells                   Type           Power      Damage    Failure   Level
 Apportation              Tloc           0%         N/A       41%         1
 Necrotise                Necr           0%         1d4       41%         1
 Summon Small Mammal      Summ           0%         N/A       41%         1
 Scorch                   Fire           0%         2d5       54%         2
 Sublimation of Blood     Necr           0%         N/A       54%         2
 Call Canine Familiar     Summ           0%         N/A       78%         3
 Confusing Touch          Hex            0%         N/A       78%         3
 Portal Projectile        Hex/Tloc       0%         N/A       78%         3
 Flame Wave               Conj/Fire      0%         2d4       99%         4
 Leda's Liquefaction      Hex/Erth       0%         N/A       99%         4
 Petrify                  Tmut/Erth      0%         N/A       99%         4
 Irradiate                Conj/Tmut      0%         3d11      100%        5
 Yara's Violent Unravell  Hex/Tmut       0%         3d3       100%        5
 Summon Cactus Giant      Summ           0%         N/A       100%        6
 Enfeeble                 Hex            0%         N/A       100%        7


Dungeon Overview and Level Annotations

Branches:
Dungeon (6/15)             Temple (0/1) D:6

Altars:
Gozag
Kikubaaqudgha
Okawaru
Qazlal
Wu Jian
Yredelemnul
The Shining One

Shops:
D:3 :   D:6 (

Annotations:
D:6 Pikel


Innate Abilities, Weirdness & Mutations

You are a filthy swine.
You move quickly.
Your equipment is almost entirely melded.
You are incapable of wielding weapons or throwing items.
You cannot cast spells.
(You are completely covered in rugged brown scales. (AC +3, +7% HP))
You have supernaturally acute eyesight. (SInv)
((Armour fits poorly on your strangely shaped body.))
((You can roll at nearby foes to attack.))
((You have a long armoured tail.))
((You curl defensively after being hit. (AC +7*)))


Message History

You closely miss the lemure.
The lemure is severely wounded.
You hit the lemure.
The lemure is severely wounded.
The lemure completely misses you.
You barely miss the lemure.
The lemure is severely wounded.
The lemure misses you.
You miss the lemure.
The lemure is severely wounded.
The lemure hits you.
You closely miss the lemure.
The lemure is severely wounded.
The lemure barely misses you.
You hit the lemure.
The lemure is almost dead.
The lemure hits you.
You hit the lemure but do no damage.
The lemure is almost dead.
Your transformation is almost over.
You block the lemure's attack.
Pikel drinks a potion.
Pikel seems to grow stronger.
You hit the lemure.
The lemure is almost dead.
You hit the lemure.
You kill the lemure!
That felt strangely unrewarding.
You barely miss Pikel.
Pikel hits you with a +2 whip of flaming!
Pikel burns you.
You hit Pikel but do no damage.
Pikel hits you with a +2 whip of flaming!
* * * LOW HITPOINT WARNING * * *
Pikel burns you.
* * * LOW HITPOINT WARNING * * *
You closely miss Pikel.
Pikel hits you with a +2 whip of flaming!
* * * LOW HITPOINT WARNING * * *
Pikel burns you.
You die...

*,,,,*** *,* *,,,,**,,,,
*,,,,******##,******,*,,,,,
*,,,,,,,,,,..,,,,,,,,,,,,,,
*,,,,******.#*******,*,**,*
*,,,,* *.# **,,,,*,,,
*,,,,* *.# *,,*,,,,,*
*,,,,* *.# *,,,,,,,,,
*,,,,* ####.# *,,,,,,,,,
****** #5Kh.# *,,,,,,,,,
######5#### ***,,,,,,,
#......5..#******,,,,,,,,
#.....5...##,,,,,,>,,,,,,
#..........>.#****,,,,,,,
#..5.......### ********
#.<...K...## #.........#
#.........#


You could see Pikel (strong) and 2 lemures.

Vanquished Creatures
  Grinder (D:4)
  Sigmund (D:4)
  Pargi (D:4)
  A centaur (D:5)
  A lemure (D:6)
  A scorpion (D:4)
  2 orc priests (D:4)
  A hound (D:5)
  Ijyb (D:4)
  2 iguanas
  2 orc wizards (D:4)
  4 gnolls (D:3)
  10 adders
  A white imp (D:6)
  3 worms
  3 dart slugs
  17 orcs
  9 ball pythons
  8 endoplasms
  3 giant cockroaches (D:1)
  2 goblins
  5 hobgoblins
  5 jackals
  8 kobolds
  5 quokkas
  9 bats
  4 frilled lizards
  6 rats
116 creatures vanquished.

Notes
Turn   | Place    | Note
-------+----------+-------------------------------------------
     0 | D:1      | adizb the Palentonga Fighter began the quest for the Orb.
     0 | D:1      | Reached XP level 1. HP: 19/19 MP: 1/1
   115 | D:1      | Reached XP level 2. HP: 25/25 MP: 2/2
   691 | D:2      | Reached XP level 3. HP: 31/31 MP: 3/3
   945 | D:2      | Found a stormy altar of Qazlal.
  1057 | D:2      | Reached XP level 4. HP: 36/39 MP: 4/4
  1270 | D:2      | Became a worshipper of Qazlal Stormbringer
  1501 | D:3      | Reached skill level 4 in Fighting
  1510 | D:3      | Reached XP level 5. HP: 3/44 MP: 5/5
  1626 | D:3      | Identified the +8 chain mail of Eternity {Dex+3}
  1776 | D:3      | Found Byuh's Book Shop.
  1791 | D:3      | Reached * piety under Qazlal
  1807 | D:4      | Noticed Sigmund
  1813 | D:4      | Killed Sigmund
  1814 | D:4      | Reached skill level 5 in Fighting
  1814 | D:4      | Reached XP level 6. HP: 48/54 MP: 6/6
  1869 | D:4      | Gained mutation: You curl defensively after being hit. (AC
                  | +7*) [Palentonga growth]
  1869 | D:4      | Reached XP level 7. HP: 29/59 MP: 7/7
  1916 | D:4      | You fall into a shaft and drop 2 floors!
  1918 | D:6      | Found Wifupaka's Weapon Emporium.
  1921 | D:6      | Bought a +0 vampiric morningstar for 168 gold pieces
  1980 | D:5      | Entered Level 5 of the Dungeon
  2066 | D:4      | Found a basalt altar of Yredelemnul.
  2113 | D:5      | Reached ** piety under Qazlal
  2174 | D:4      | Noticed Pargi
  2203 | D:4      | Killed Pargi
  2204 | D:4      | Reached skill level 6 in Fighting
  2245 | D:4      | Noticed Grinder
  2260 | D:4      | Killed Grinder
  2330 | D:4      | Found a glowing golden altar of the Shining One.
  2408 | D:4      | Noticed Ijyb
  2412 | D:4      | Killed Ijyb
  2595 | D:4      | Found an ancient bone altar of Kikubaaqudgha.
  2595 | D:4      | Found an iron altar of Okawaru.
  2604 | D:4      | Found an ornate altar of the Wu Jian Council.
  2606 | D:4      | Found an opulent altar of Gozag.
  2608 | D:4      | Found a faded altar of an unknown god.
  2856 | D:5      | Reached XP level 8. HP: 69/69 MP: 8/8
  2940 | D:6      | Noticed Pikel
  2966 | D:6      | Slain by Pikel

Illustrated notes

Levels and vault maps discovered:
D:1:      heliophobic_arrival_battle_scene, layout_basic
D:2:      layout_basic, serial_rivers, chequers_serial_rivers_micro_d,
          chequers_serial_rivers_micro_d, chequers_serial_rivers_small_3,
          chequers_serial_rivers_small_3, chequers_serial_rivers_marsh,
          chequers_serial_rivers_micro_c, basic_altar
D:3:      layout_rooms, serial_shops, shop
D:4:      layout_basic, nicolae_overflow_hidden_temple,
          chequers_temple_overflow_minitemple, lemuel_crystal_altar,
          grunt_decor_fettered, uniq_sigmund, uniq_pargi, uniq_grinder,
          uniq_ijyb
D:5:      layout_rooms, minmay_misc_feat_square
D:6:      layout_rooms, minmay_temple_entry_large_hall, serial_shops, shop,
          shop, nicolae_shop_crystal, uniq_pikel

Skill      XL: |  1  2  3  4  5  6  7 |
---------------+----------------------+-----
Shields        | 3 4 |  4.6
Fighting       | 4 5 6 |  6.5
Armour         | 3 4 |  4.1
Axes           | 3 4 |  4.9

Action                   |  1- 3 |  4- 6 |  7- 9 || total
-------------------------+-------+-------+-------++-------
Melee: War axe           |    77 |    94 |     3 ||   174
       Tailslap          |    11 |     6 |    15 ||    32
       Morningstar       |       |       |   104 ||   104
       Unarmed           |       |       |    16 ||    16
 Abil: Rolling Charge    |    28 |    26 |    22 ||    76
  Use: Scroll            |     1 |     3 |     1 ||     5
       Potion            |       |     4 |       ||     4
Armor: Scale mail        |    35 |    22 |       ||    57
       Chain mail        |       |    37 |   124 ||   161
Dodge: Dodged            |    29 |    26 |    50 ||   105
Block: Buckler           |    13 |    22 |    59 ||    94
       Other             |       |       |     1 ||     1
